 Dungeon Crawl Stone Soup version 0.31-a0-876-gfe8ebadbca (webtiles) character file.

Game seed: 7659547187809550404

2058 Xavori the Covert (level 9, -10/61 HPs)
             Began as an Octopode Chaos Knight on Oct 14, 2023.
             Was a Plaything of Xom.
             Mangled by an orc warrior
             ... wielding a +1 heavy battleaxe
              (50 damage)
             ... on level 6 of the Dungeon.
             The game lasted 00:05:46 (10696 turns).

Xavori the Covert (Octopode Chaos Knight)          Turns: 10696, Time: 00:05:48

Health: -10/61     AC:  1    Str: 14      XL:     9   Next: 25%
Magic:  9/9        EV: 14    Int: 14      God:    Xom [*.....]
Gold:   194        SH:  9    Dex: 14 (15) Spells: 8/8 levels left

rFire   x . .        a - +0 short sword (chaos)
rCold   . . .        i - +0 buckler
rNeg    . . .        (helmet restricted)
rPois   .            h - amulet of Usiar {Reflect rCorr Str+2 SH+5}
rElec   .            c - ring of flight
rCorr   +            p - ring of Shadows {Umbra +Inv Stlth+}
SInv    .            (no ring)
Will    .....        (no ring)
Stlth   +++++++++    (no ring)
HPRegen 1.10/turn    (no ring)
MPRegen 0.11/turn    (no ring)
                     (no ring)

%: reflection
@: about to teleport, flying, wreathed by umbra
A: almost no armour, amphibious, 8 rings, camouflage 1, gelatinous body 1,
(nimble swimmer 1), tentacles, tentacle spike 2, deterioration 1, regeneration
1, no potion heal 1, heat vulnerability 1, MP-powered wands
a: Renounce Religion, Evoke Invisibility


You were on level 6 of the Dungeon.
You worshipped Xom.
You were a special plaything of Xom.
You visited 1 branch of the dungeon, and saw 6 of its levels.

You collected 194 gold pieces.

Inventory:

Hand Weapons
 a - a +0 short sword of chaos (weapon)
Armour
 i - a +0 buckler (worn)
Jewellery
 c - a ring of flight (left tentacle)
 h - the amulet of Usiar (around mantle) {Reflect rCorr Str+2 SH+5}
   (You acquired it on level 5 of the Dungeon)

   [amulet of reflection]

   Reflect:   It reflects blocked missile attacks.
   Str+2:     It affects your strength (+2).
   rCorr:     It protects you from acid and corrosion.
   SH+5:      It affects your SH (+5).
 p - the ring of Shadows (right tentacle) {Umbra +Inv Stlth+}
   (You found it on level 5 of the Dungeon)

   [ring of stealth]

   Umbra:     It surrounds you with an aura of shadow, increasing your stealth
   and reducing the accuracy of all others within it.
   +Inv:      It lets you turn invisible.
   Stlth+:    It makes you more stealthy.
Talismans
 e - a talisman of death
 n - a maw talisman
Wands
 o - a wand of flame (24)
Scrolls
 b - a scroll of butterflies
 d - a scroll of fear {unknown}
 q - a scroll of fog
Potions
 f - a potion of ambrosia {unknown}
 g - 7 potions of curing {unknown}
 k - 3 potions of enlightenment {unknown}
 l - 2 potions of degeneration {unknown}
 m - 2 potions of might {unknown}
 r - a potion of heal wounds {unknown}


   Skills:
 + Level 5.4 Fighting
 + Level 6.8 Short Blades
 + Level 4.9 Dodging
 + Level 8.4 Stealth
 + Level 0.2 Shields
 * Level 1.6 Evocations
 * Level 4.2 Shapeshifting


You had 8 spell levels left.
You didn't know any spells.
Your spell library contained the following spells:

 Spells                   Type           Power      Damage    Failure   Level
 Sandblast                Erth           0%         2d4       36%         1
 Passwall                 Tmut/Erth      0%         N/A       52%         2
 Ozocubu's Armour         Ice            0%         N/A       75%         3
 Stone Arrow              Conj/Erth      0%         3d7       75%         3
 Brom's Barrelling Bould  Conj/Erth      0%         2d3       98%         4
 Metabolic Englaciation   Hex/Ice        0%         N/A       100%        5
 Simulacrum               Ice/Necr       0%         N/A       100%        6


Dungeon Overview and Level Annotations

Branches:
Dungeon (6/15)             Temple (0/1) D:6

Altars:
Ashenzari
Dithmenos
Gozag
Kikubaaqudgha
Trog
Xom

Shops:
D:4 :


Innate Abilities, Weirdness & Mutations

You cannot wear most types of armour.
You are amphibious.
You can wear up to eight rings at the same time.
Your skin changes colour to match your surroundings (Stealth+).
Your rubbery body absorbs attacks. (AC +1, EV +1)
((You are camouflaged when in or above water. (Stealth+)))
You have tentacles for arms and can constrict up to eight enemies at once.
One of your tentacles bears a nasty spike.
Your body sometimes deteriorates upon taking damage.
Your natural rate of healing is unusually fast.
Potions are less effective at restoring your health.
You are vulnerable to heat. (rF-)
You expend magic power (3 MP) to strengthen your wands.


Message History

You hit the orc warrior but do no damage.
You grab the orc warrior.
You pierce the orc warrior, but do no damage.
The orc warrior is lightly wounded.
You constrict the orc warrior, but do no damage.
You hit the orc warrior but do no damage.
You pierce the orc warrior, but do no damage.
The orc warrior is lightly wounded.
You constrict the orc warrior. You block the orc warrior's attack.
You hit the orc warrior but do no damage.
You pierce the orc warrior, but do no damage.
You squeeze the orc warrior.
The orc warrior is lightly wounded.
You constrict the orc warrior.
You hit the orc warrior but do no damage.
You squeeze the orc warrior, but do no damage.
The orc warrior is lightly wounded.
You constrict the orc warrior, but do no damage.
The orc warrior hits you with a +1 heavy battleaxe!!
Your body deteriorates!
You feel clumsy.
You hit the orc warrior. You squeeze the orc warrior!
The orc warrior is heavily wounded.
You constrict the orc warrior, but do no damage.
You hit the orc warrior but do no damage.
The orc warrior seems to grow stronger.
The orc warrior is heavily wounded.
You constrict the orc warrior, but do no damage.
The orc warrior closely misses you.
You barely miss the orc warrior.
You pierce the orc warrior, but do no damage.
The orc warrior is heavily wounded.
You constrict the orc warrior. The orc misses you.
Unknown command.
As you read the scroll of teleportation, it crumbles to dust.
You feel strangely unstable.
You constrict the orc warrior. The orc closely misses you.
The orc warrior hits you with a +1 heavy battleaxe!!!
Ouch! That really hurt!
You die...
Xom chortles!

......# ......### ###
.....##.# ##.##
.##..##.###...#
##.......#....#
#....#..[.##.##########
.....####......#......#
##..#######.....o...#.#
................@.>...#
......##.......oo..[.##
###.........####.#####
## #.......## ##.# .##
...#... ##)## ..#
.###...#.#..##
..##.....#.......#
.........#......##
........##...o.##


You could see an orc warrior (strong) and 2 orcs.

Vanquished Creatures
  Pikel (D:5)
  A human (shapeshifter) (D:4)
  Eustachio (D:5)
  A water moccasin (D:5)
  2 black bears
  2 ogres
  2 lemures (D:5)
  A kobold brigand (D:5)
  2 scorpions (D:5)
  6 killer bees
  A hound (D:5)
  An orc priest (D:3)
  A gnoll bouda (D:5)
  2 jellies (D:5)
  An orc wizard (D:6)
  3 gnolls (D:5)
  7 adders
  An ufetubus (D:5)
  3 worms (D:4)
  A dart slug (D:1)
  23 orcs
  An endoplasm (D:1)
  A giant cockroach (D:4)
  12 goblins
  8 hobgoblins
  6 jackals (D:1)
  14 kobolds
  2 quokkas
  7 ball pythons
  4 bats
  3 frilled lizards
  2 rats
123 creatures vanquished.

Notes
Turn   | Place    | Note
-------+----------+-------------------------------------------
     0 | D:1      | Xavori the Octopode Chaos Knight began the quest for the
                  | Orb.
     0 | D:1      | Reached XP level 1. HP: 16/16 MP: 1/1
   180 | D:1      | Reached XP level 2. HP: 15/21 MP: 2/2
   402 | D:1      | XOM: divination: detect items
   489 | D:1      | Reached XP level 3. HP: 13/26 MP: 3/3
   676 | D:1      | XOM: cloud trail
   760 | D:1      | XOM: scenery: 2 doors close
  1243 | D:1      | XOM: summons 1 hostile demon
  1248 | D:2      | Reached skill level 1 in Stealth
  1622 | D:1      | XOM: summons 1 hostile shadow creature
  1737 | D:2      | XOM: 2-stop teleportation journey
  1818 | D:2      | Reached XP level 4. HP: 32/32 MP: 4/4
  1972 | D:1      | XOM: draining
  2405 | D:1      | XOM: give mutation
  2405 | D:1      | Gained mutation: You occasionally lose the ability to read
                  | scrolls when taking damage. [Xom's mischief]
  2523 | D:1      | XOM: torment (15/27 hp)
  2962 | D:1      | XOM is BORED!
  2962 | D:1      | XOM: noise
  3690 | D:1      | XOM is BORED!
  3690 | D:1      | XOM: silly message
  4060 | D:1      | XOM: give mutations
  4060 | D:1      | Lost mutation: You occasionally lose the ability to read
                  | scrolls when taking damage. [Xom's mischief]
  4060 | D:1      | Gained mutation: You expend magic power (3 MP) to
                  | strengthen your wands. [Xom's mischief]
  4060 | D:1      | Gained mutation: One of your tentacles bears a spike.
                  | [Xom's mischief]
  4064 | D:1      | XOM: stat loss: -1 Str (10/11)
  4874 | D:1      | XOM: draining
  5016 | D:1      | XOM is BORED!
  5205 | D:1      | XOM: silly message
  5676 | D:1      | XOM: noise
  7298 | D:1      | XOM: god gift: rapier {god gift}
  7481 | D:1      | XOM: silly message
  7521 | D:1      | XOM is BORED!
  7521 | D:1      | XOM: silly message
  8312 | D:1      | XOM is BORED!
  8312 | D:1      | XOM: give mutations
  8312 | D:1      | Gained mutation: You are partially covered in iridescent
                  | scales. (AC +2) [Xom's mischief]
  8312 | D:1      | Gained mutation: Your body sometimes deteriorates upon
                  | taking damage. [Xom's mischief]
  8312 | D:1      | Lost mutation: You are partially covered in iridescent
                  | scales. (AC +2) [Xom's mischief]
  8312 | D:1      | Gained mutation: One of your tentacles bears a nasty spike.
                  | [Xom's mischief]
  8430 | D:2      | XOM: give mutations
  8430 | D:2      | Gained mutation: Potions are less effective at restoring
                  | your health. [Xom's mischief]
  8430 | D:2      | Gained mutation: Your natural rate of healing is unusually
                  | fast. [Xom's mischief]
  8430 | D:2      | Gained mutation: You are vulnerable to heat. (rF-) [Xom's
                  | mischief]
  8602 | D:3      | Reached skill level 2 in Stealth
  8636 | D:3      | XOM: scenery: create altars
  8696 | D:3      | Found a faded altar of an unknown god.
  8834 | D:3      | Found a shadowy altar of Dithmenos.
  8959 | D:3      | Reached skill level 3 in Stealth
  8970 | D:3      | Reached XP level 5. HP: 33/33 MP: 5/5
  9256 | D:4      | Found an ancient bone altar of Kikubaaqudgha.
  9256 | D:4      | Noticed an ogre
  9256 | D:4      | XOM: 5-stop teleportation journey
  9336 | D:4      | Reached skill level 1 in Shapeshifting
  9434 | D:4      | Found Vammeoh's Self-Improvement Boutique.
  9491 | D:4      | a jelly changed into a shapeshifter
  9491 | D:4      | Noticed a shapeshifter (shapeshifter)
  9491 | D:4      | a shapeshifter changed into a human
  9491 | D:4      | Noticed a human (shapeshifter)
  9494 | D:4      | Killed a human
  9495 | D:4      | Reached skill level 4 in Stealth
  9495 | D:4      | Reached XP level 6. HP: 40/43 MP: 6/6
  9536 | D:4      | Reached skill level 5 in Stealth
  9571 | D:5      | Entered Level 5 of the Dungeon
  9628 | D:5      | Found a bloodstained altar of Trog.
  9636 | D:5      | Reached XP level 7. HP: 46/47 MP: 7/7
  9646 | D:5      | XOM: polymorph iguana -> killer bee
  9855 | D:5      | Noticed Pikel
  9861 | D:5      | XOM: god gift: leather armour {god gift}
  9892 | D:5      | XOM: potion effect (curing)
  9898 | D:5      | Killed Pikel
  9899 | D:5      | Reached skill level 5 in Short Blades
  9899 | D:5      | Reached skill level 7 in Stealth
  9899 | D:5      | Reached XP level 8. HP: 10/54 MP: 8/8
  9925 | D:5      | XOM: swap monsters
  9969 | D:5      | Found a broken altar of Ashenzari.
 10089 | D:5      | XOM: silly message
 10111 | D:5      | Noticed Eustachio
 10123 | D:5      | Killed Eustachio
 10208 | D:5      | Reached skill level 5 in Fighting
 10230 | D:5      | Found the ring of Shadows {Umbra +Inv Stlth+}
 10424 | D:5      | Identified a scroll of acquirement
 10425 | D:5      | Acquired the amulet of Usiar {Reflect rCorr Str+2 SH+5}
 10455 | D:6      | Found an opulent altar of Gozag.
 10460 | D:6      | Reached skill level 8 in Stealth
 10460 | D:6      | Reached XP level 9. HP: 61/61 MP: 9/9
 10485 | D:6      | Reached skill level 1 in Evocations
 10494 | D:6      | XOM: smoke on damage
 10500 | D:6      | Found Cuatraag's Antique Armour Boutique.
 10619 | D:6      | XOM: butterfly on damage
 10665 | D:6      | Found a staircase to the Ecumenical Temple.
 10678 | D:6      | XOM: blink monster(s)
 10686 | D:6      | XOM: blink monster(s)
 10696 | D:6      | Mangled by an orc warrior

Illustrated notes

Levels and vault maps discovered:
D:1:      matt_arrival_spirals, layout_basic,
          hangedman_abyss_or_decor_lesser_grid, minmay_misc_feat_rugged
D:2:      layout_rooms
D:3:      layout_loops_ring, mainiacjoe_overflow_paths,
          shapermc_ecumenical_altar_venn, nicolae_the_louvre
D:4:      layout_basic, mainiacjoe_overflow_tiny_flanked, nicolae_shop_self_help
D:5:      layout_basic, cheibrodos_ashenzari_chains,
          mainiacjoe_overflow_cross_hatched, uniq_eustachio, uniq_pikel
D:6:      layout_cave_pools, mainiacjoe_overflow_boulevard,
          minmay_temple_entry_butterflies, serial_shops,
          nicolae_shop_tiny_real_fake_doors, kennysheep_big_empty_room

Skill      XL: |  1  2  3  4  5  6  7  8  9 |
---------------+----------------------------+-----
Stealth        | 1 3 4 5 7 8 |  8.4
Dodging        | 3 4 |  4.9
Shapeshifting  | 1 2 3 4 |  4.2
Short Blades   | 4 5 6 |  6.8
Fighting       | 4 5 |  5.4
Evocations     | 1 |  1.6
Shields        | |  0.2

Action                     |  1- 3 |  4- 6 |  7- 9 || total
---------------------------+-------+-------+-------++-------
  Melee: Short sword       |    64 |   103 |   128 ||   295
         Constrict         |    12 |    34 |    26 ||    72
         Tentacles         |    12 |    19 |    41 ||    72
         Kick              |       |    32 |    51 ||    83
         Punch             |       |     1 |     1 ||     2
    Use: Scroll            |       |       |     5 ||     5
   Stab: Sleeping          |    10 |    13 |    10 ||    33
         Paralysed         |     1 |     1 |       ||     2
 Armour: Skin              |    31 |    30 |    71 ||   132
  Dodge: Dodged            |    38 |    52 |    95 ||   185
  Block: Buckler           |       |       |    22 ||    22
         Reflection        |       |       |     2 ||     2

Table legend: (Time is in decaauts)
 A = Elapsed time spent in this place.
 B = Non-inter-level travel time spent in this place.
 C = Inter-level travel time spent in this place.
 D = Time resting spent in this place.
 E = Time spent auto-exploring this place.
 F = Levels seen in this place.
 G = Mean time per level.
                   A        B        C        D        E       F      G
               +--------+--------+--------+--------+--------+-----+--------+
         Total |  10633 |  10515 |    118 |   7413 |   2298 |   6 | 1772.2 |
       Dungeon |  10633 |  10515 |    118 |   7413 |   2298 |   6 | 1772.2 |
               +--------+--------+--------+--------+--------+-----+--------+

Top non-repeatable levels by time:
     D:1: 7810 daAuts
     D:5: 894 daAuts
     D:2: 725 daAuts
     D:3: 658 daAuts
     D:4: 350 daAuts
     D:6: 193 daAuts
